 Dungeon Crawl Stone Soup version 0.31-a0-867-g9b2fd80f0c (webtiles) character file.

Game seed: 13005757811964093668

842 BinkBink the Trooper (level 7, -3/96 HPs)
             Began as a Minotaur Berserker on Oct 11, 2023.
             Was an Elder of Trog.
             Slain by Prince Ribbit (5 damage)
             ... on level 5 of the Dungeon.
             The game lasted 00:07:21 (4468 turns).

BinkBink the Trooper (Minotaur Berserker)           Turns: 4468, Time: 00:07:22

Health: -3/96      AC: 23    Str: 28      XL:     7   Next: 67%
Magic:  6/6        EV:  2    Int:  4      God:    Trog [****..]
Gold:   241        SH:  0    Dex:  4 (5)  Spells: 6/6 levels left

rFire   . . .        o - +9 falchion of the Warrior-Mage {freeze, rPois rCorr Str+4 Dex-4}
rCold   . . .        (no shield)
rNeg    . . .        k - melded +0 plate armour
rPois   +            (helmet currently unavailable)
rElec   .            t - melded scarf {repulsion}
rCorr   +            (gloves currently unavailable)
SInv    .            (boots currently unavailable)
Will    .....        (no amulet)
Stlth   +            (no ring)
HPRegen 0.36/turn    (no ring)
MPRegen 0.10/turn

%: no passive effects
@: tree-form (expiring)
A: stationary, stasis, torment immunity, boosted hp, (horns 2), (retaliatory
headbutt)
a: Renounce Religion, Berserk, Trog's Hand, Brothers in Arms


You were on level 5 of the Dungeon.
You worshipped Trog.
Trog was greatly pleased with you.
You were a tree.
You visited 1 branch of the dungeon, and saw 7 of its levels.

You collected 241 gold pieces.

Inventory:

Hand Weapons
 a - a +0 hand axe
 o - the +9 falchion of the Warrior-Mage (weapon) {freeze, rPois rCorr Str+4 Dex-4}
   (You found it on level 3 of the Dungeon)

   Str+4:     It affects your strength (+4).
   Dex-4:     It affects your dexterity (-4).
   rPois:     It protects you from poison rCorr: It protects you from acid and
   corrosion.
Missiles
 l - a throwing net
Armour
 k - a +0 plate armour (melded)
 t - a scarf of repulsion (melded)
Talismans
 m - a beast talisman
Wands
 p - a wand of flame (12)
Scrolls
 d - 6 scrolls of teleportation {unknown}
 e - 2 scrolls of fear {unknown}
 f - a scroll of immolation {unknown}
 g - 2 scrolls of enchant weapon {unknown}
 h - a scroll of summoning {unknown}
 i - 2 scrolls of poison {unknown}
 j - 2 scrolls of amnesia {unknown}
 q - 2 scrolls of vulnerability {unknown}
 r - a scroll of silence {unknown}
 s - a scroll of identify {unknown}
Potions
 b - a potion of magic {unknown}
 c - a potion of lignification
 n - a potion of degeneration
 u - a potion of brilliance {unknown}


   Skills:
 + Level 6.3 Fighting
 + Level 4.2 Long Blades
 - Level 5.2 Axes
 + Level 4.8 Armour
 + Level 5.2 Dodging


You had 6 spell levels left.
You didn't know any spells.
Your spell library was empty.

Dungeon Overview and Level Annotations

Branches:
Dungeon (7/15)             Temple (0/1) D:4

Altars:
Ashenzari
Cheibriados
Okawaru
Ru
The Shining One

Annotations:
D:5 Prince Ribbit


Innate Abilities, Weirdness & Mutations

You are a tree.
Your roots penetrate the ground, keeping you stationary.
You cannot be teleported.
You are immune to unholy pain and torment.
Your maximum health is greatly increased.
Your equipment is partially melded.
((You have a pair of horns on your head.))
((You reflexively headbutt those who attack you in melee.))


Message History

You slash the worm! You freeze the worm.
The worm is heavily wounded.
Prince Ribbit blinks!
The worm bites you but does no damage.
You hit the worm. You freeze the worm.
The worm is almost dead.
The worm completely misses you.
You hit the worm. You freeze the worm.
You kill the worm!
Trog accepts your kill.
You start resting.
Prince Ribbit blinks!
You start resting.
Prince Ribbit hits you!
* * * LOW HITPOINT WARNING * * *
You closely miss Prince Ribbit.
Prince Ribbit is severely wounded.
Prince Ribbit blinks!
You start resting.
Prince Ribbit croaks regally.
Prince Ribbit hits you.
* * * LOW HITPOINT WARNING * * *
You miss Prince Ribbit.
Prince Ribbit is severely wounded.
Prince Ribbit blinks!
Prince Ribbit is nearby!
Prince Ribbit blinks!
You start resting.
Your transformation is almost over.
Prince Ribbit is nearby!
Prince Ribbit hits you.
* * * LOW HITPOINT WARNING * * *
You hit Prince Ribbit.
Prince Ribbit seems to slow down.
You freeze Prince Ribbit.
Prince Ribbit is almost dead.
Prince Ribbit hits you.
* * * LOW HITPOINT WARNING * * *
You closely miss Prince Ribbit.
Prince Ribbit is almost dead.
Prince Ribbit hits you.
You die...

#..†...#....#..................§
#......#....#...................
#......#....#...................
#.[†...#....#...................
###'######+##................$..
#..................#######......
#..................#.....#######
#............#F#####.....'......
#............#.♣..#......#......
#............#....#......#<.....
###'##########....#......#......
#...........########.....##.....
#...........##....##.....#######
#.................##.....#
##...#########...........#
##...####...##...........#
#...........#............#


You could see Prince Ribbit (slow).

Vanquished Creatures
  Menkaure (D:4)
  Edmund (D:4)
  A scorpion (D:4)
  A howler monkey (D:5)
  A hound (D:5)
  2 gnoll boudas
  Ijyb (D:5)
  Natasha (thrice) (D:4)
  2 iguanas
  Robin (D:2)
  6 adders
  7 gnolls
  A shadow imp (D:5)
  A worm (D:5)
  4 dart slugs
  3 orcs
  7 ball pythons
  8 endoplasms
  4 giant cockroaches
  18 goblins
  14 hobgoblins
  8 jackals
  9 kobolds
  3 quokkas
  8 bats
  4 frilled lizards
  4 rats
123 creatures vanquished.

Notes
Turn   | Place    | Note
-------+----------+-------------------------------------------
     0 | D:1      | BinkBink the Minotaur Berserker began the quest for the
                  | Orb.
     0 | D:1      | Reached XP level 1. HP: 19/19 MP: 0/0
   253 | D:1      | Reached XP level 2. HP: 27/27 MP: 1/1
   404 | D:1      | Reached skill level 4 in Fighting
   581 | D:1      | Reached ** piety under Trog
   637 | D:1      | Reached XP level 3. HP: 30/33 MP: 2/2
   876 | D:2      | Noticed Robin
   889 | D:2      | Killed Robin
  1055 | D:2      | Reached XP level 4. HP: 36/40 MP: 3/3
  1088 | D:2      | Reached skill level 5 in Axes
  1347 | D:2      | Found a faded altar of an unknown god.
  1472 | D:2      | Reached *** piety under Trog
  1691 | D:3      | Identified the +9 falchion of the Warrior-Mage {freeze,
                  | rPois rCorr Str+4 Dex-4}
  2234 | D:3      | Reached skill level 1 in Long Blades
  2440 | D:4      | Found a sacrificial altar of Ru.
  2517 | D:4      | Reached XP level 5. HP: 42/47 MP: 4/4
  2635 | D:4      | Found a staircase to the Ecumenical Temple.
  2636 | D:4      | Noticed Menkaure
  2655 | D:4      | Noticed Edmund
  2666 | D:4      | Killed Edmund
  2667 | D:4      | Reached skill level 5 in Fighting
  2865 | D:4      | Reached XP level 6. HP: 53/56 MP: 5/5
  2983 | D:4      | HP: 1/56 [gnoll/+0 spear[a gnoll bouda] (2)]
  3246 | D:4      | Noticed Natasha
  3252 | D:4      | Killed Natasha
  3252 | D:4      | Reached **** piety under Trog
  3404 | D:4      | Found a glowing golden altar of the Shining One.
  3438 | D:4      | Noticed Natasha
  3442 | D:4      | Killed Natasha
  3531 | D:4      | Found a snail-covered altar of Cheibriados.
  3637 | D:4      | Noticed Natasha
  3641 | D:4      | Killed Natasha
  3898 | D:4      | Killed Menkaure
  3899 | D:4      | Reached skill level 6 in Fighting
  3899 | D:4      | Reached XP level 7. HP: 35/63 MP: 6/6
  4138 | D:5      | Entered Level 5 of the Dungeon
  4186 | D:5      | Found an iron altar of Okawaru.
  4247 | D:5      | Noticed Ijyb
  4254 | D:5      | Killed Ijyb
  4271 | D:5      | Reached skill level 5 in Dodging
  4294 | D:5      | Found a broken altar of Ashenzari.
  4297 | D:5      | You fall into a shaft and drop 2 floors!
  4411 | D:5      | Noticed Prince Ribbit
  4467 | D:5      | HP: 2/96 [Prince Ribbit (6)]
  4468 | D:5      | Slain by Prince Ribbit

Illustrated notes

Levels and vault maps discovered:
D:1:      dpeg_arrival_rooms_with_view, layout_loops_ring, serial_glass,
          glass_columns_a, glass_columns_a, glass_columns_a, glass_columns_a,
          glass_columns_c, item_on_display_b, minmay_strange_pillars
D:2:      layout_loops_ring, basic_ecumenical_altar, uniq_robin
D:3:      layout_basic
D:4:      cheibrodos_old_hovel, layout_basic, mainiacjoe_overflow_catwalk,
          mainiacjoe_overflow_divided_tiny, temple_pool_b, uniq_menkaure,
          uniq_natasha, uniq_edmund
D:5:      layout_gridville, nicolae_vehumet_radiance,
          mainiacjoe_overflow_brackets, mainiacjoe_overflow_boulevard,
          uniq_prince_ribbit1, uniq_ijyb
D:6:      layout_basic, grunt_qazlal_sundering, uniq_duvessa
D:7:      layout_loops_ring

Skill      XL: |  1  2  3  4  5  6  7 |
---------------+----------------------+-----
Axes           | 4 5 |  5.2
Fighting       | 4 5 6 |  6.3
Dodging        | 3 4 5 |  5.2
Long Blades    | 1 2 3 4 |  4.2
Armour         | 3 4 |  4.8

Action                     |  1- 3 |  4- 6 |  7- 9 || total
---------------------------+-------+-------+-------++-------
  Melee: Hand axe          |    95 |    42 |       ||   137
         Headbutt          |    12 |    10 |     2 ||    24
         Falchion          |       |    87 |    56 ||   143
         Punch             |       |       |     1 ||     1
    Use: Potion            |       |     5 |     1 ||     6
   Stab: Sleeping          |     1 |       |       ||     1
 Armour: Animal skin       |    49 |    41 |       ||    90
         Plate armour      |       |    44 |    36 ||    80
         Skin              |       |    42 |     9 ||    51
  Dodge: Dodged            |    85 |    82 |    19 ||   186

Table legend: (Time is in decaauts)
 A = Elapsed time spent in this place.
 B = Non-inter-level travel time spent in this place.
 C = Inter-level travel time spent in this place.
 D = Time resting spent in this place.
 E = Time spent auto-exploring this place.
 F = Levels seen in this place.
 G = Mean time per level.
                   A        B        C        D        E       F      G
               +--------+--------+--------+--------+--------+-----+--------+
         Total |   4501 |   4367 |    134 |    909 |   2656 |   7 |  643.0 |
       Dungeon |   4501 |   4367 |    134 |    909 |   2656 |   7 |  643.0 |
               +--------+--------+--------+--------+--------+-----+--------+

Top non-repeatable levels by time:
     D:4: 1714 daAuts
     D:2: 853 daAuts
     D:1: 828 daAuts
     D:3: 770 daAuts
     D:5: 300 daAuts
     D:6: 18 daAuts
     D:7: 15 daAuts
